 Dungeon Crawl Stone Soup version 0.22-a0-351-g29664b4 (webtiles) character file.

128 Amnesiac the Bolt Thrower (level 4, -1/22 HPs)
             Began as a Spriggan Hunter on Apr 12, 2018.
             Killed from afar by Sigmund (5 damage)
             ... with a magic dart
             ... on level 3 of the Dungeon.
             The game lasted 00:02:56 (3021 turns).

Amnesiac the Bolt Thrower (Spriggan Hunter)         Turns: 3021, Time: 00:02:56

Health: -1/22      AC:  2    Str:  9    XL:     4   Next: 87%
Magic:  5/5        EV: 18    Int: 12    God:
Gold:   138        SH:  0    Dex: 16    Spells: 3/3 levels left

rFire    . . .     SeeInvis +   b - +0 hunting sling
rCold    . . .     Gourm    .   (shield restricted)
rNeg     . . .     Faith    .   c - +0 robe
rPois    .         Spirit   .   (helmet restricted)
rElec    .         Reflect  .   (no cloak)
rCorr    .         Harm     .   (gloves unavailable)
MR       .....                  (boots unavailable)
Stlth    ++........             (no amulet)
HPRegen  0.07/turn              (no ring)
MPRegen  0.09/turn              (no ring)

@: very quick
A: very small, unfitting armour, see invisible, herbivore, speed 3, slow
metabolism 2
a: no special abilities


You were on level 3 of the Dungeon.
You were not hungry.

You visited 1 branch of the dungeon, and saw 3 of its levels.

You collected 138 gold pieces.

Inventory:

Hand Weapons
 a - a +1 hand crossbow
 b - a +0 hunting sling (weapon)
 j - a +0 short sword
Missiles
 k - 41 stones (quivered)
Armour
 c - a +0 robe (worn)
Scrolls
 e - 3 scrolls of identify {!r, unknown}
 g - a scroll of fog {!r, unknown}
 h - 2 scrolls of enchant armour {!r, unknown}
 l - a scroll of immolation {!r, unknown}
Comestibles
 f - 6 rations


   Skills:
 - Level 1.5 Fighting
 + Level 6.3 Crossbows
 - Level 3.0 Dodging
 - Level 1.5 Stealth


You had 3 spell levels left.
You didn't know any spells.

Dungeon Overview and Level Annotations

Branches:
Dungeon (3/15)

Altars:
Cheibriados
Fedhas
Hepliaklqana
Kikubaaqudgha
Nemelex Xobeh
Ru
Xom

Annotations:
D:3 Sigmund


Innate Abilities, Weirdness & Mutations

You are very small and have problems with some larger weapons.
You are too small for most types of armour.
You have supernaturally acute eyesight. (SInv)
You are a herbivore.
You cover ground extremely quickly.
You need to consume almost no food.


Message History

Firing (i - inventory. (/) - cycle)
d - 3 bolts (quivered)
Press: ? - help, Shift-Dir - straight line, f/p - Sigmund
Aim: Sigmund, wielding a scythe and wearing a robe (heavily wounded)
You shoot a bolt. The bolt hits Sigmund.
Sigmund is severely wounded.
Sigmund hits you but does no damage.
Unknown command.
Firing (i - inventory. (/) - cycle)
d - 2 bolts (quivered)
Press: ? - help, Shift-Dir - straight line, f/p - Sigmund
Aim: Sigmund, wielding a scythe and wearing a robe (severely wounded)
You shoot a bolt. The bolt hits Sigmund.
Sigmund is severely wounded.
Sigmund gestures at you while chanting. The magic dart hits you!
Unknown command.
Firing (i - inventory. (/) - cycle)
d - a bolt (quivered)
Press: ? - help, Shift-Dir - straight line, f/p - Sigmund
Aim: Sigmund, wielding a scythe and wearing a robe (severely wounded)
You shoot a bolt. The bolt barely misses Sigmund.
Sigmund closely misses you.
Unknown command.
Throwing (i - inventory)
k - 45 stones (quivered)
Press: ? - help, Shift-Dir - straight line, f/p - Sigmund
Aim: Sigmund, wielding a scythe and wearing a robe (severely wounded)
You throw a stone.
The stone hits Sigmund but does no damage.
Sigmund is severely wounded.
Sigmund closely misses you.
Unknown command.
b - a +0 hunting sling (weapon)
No target in view!
No target in view!
Firing (i - inventory)
k - 44 stones (quivered)
Press: ? - help, Shift-Dir - straight line, f/p - Sigmund
Aim: Sigmund, wielding a scythe and wearing a robe (severely wounded)
You shoot a stone. The stone closely misses Sigmund.
Firing (i - inventory)
k - 43 stones (quivered)
Press: ? - help, Shift-Dir - straight line, f/p - Sigmund
Aim: Sigmund, wielding a scythe and wearing a robe (severely wounded)
You shoot a stone. The stone barely misses Sigmund.
Sigmund casts a spell.
Sigmund flickers and vanishes for a moment.
Firing (i - inventory)
k - 42 stones (quivered)
Press: ? - help, Shift-Dir - straight line, f/p - Sigmund
Aim: Sigmund, wielding a scythe and wearing a robe (severely wounded, slightly transparent)
You shoot a stone. The stone hits Sigmund.
Sigmund is almost dead.
Sigmund casts a spell at you.
You are confused.
You are too confused!
Unknown command.
You aren't carrying any potions.
Sigmund points at you and mumbles some strange words.
The puff of flame hits you!
* * * LOW HITPOINT WARNING * * *
You bump into the rock wall.
Sigmund points at you and mumbles some strange words.
The puff of flame hits you!
* * * LOW HITPOINT WARNING * * *
The worm closely misses you.
You bump into the rock wall.
You feel less confused. Sigmund casts a spell at you. The magic dart hits you!
You die...

#.(.(...# ##...###
#..>....###.....##
#..w.##.#.........
#.#..##.#.....†)..
#.##.##.#.....<...
#.##.##.###.....##
#@......####...###
#.w...............
#@##........#####.
#.##..#.##..# #.
#.##........# #.
#.##..#..#..# #.
#.##........#####.
#.................
#####..#.......###
#.........##
#.#####.#.#


You could see Sigmund (invisible) and a worm.

Vanquished Creatures
  3 adders (D:2)
  3 oozes
  3 worms
  4 dart slugs
  2 ball pythons
  6 giant cockroaches
  8 goblins
  9 hobgoblins
  6 jackals (D:2)
  A quokka (D:2)
  6 bats
  7 frilled lizards
  6 kobolds
  11 rats
75 creatures vanquished.

Notes
Turn   | Place    | Note
-------+----------+-------------------------------------------
     0 | D:1      | Amnesiac the Spriggan Hunter began the quest for the Orb.
     0 | D:1      | Reached XP level 1. HP: 10/10 MP: 2/2
    97 | D:1      | Reached XP level 2. HP: 14/14 MP: 3/3
   552 | D:1      | Reached skill level 5 in Crossbows
   607 | D:1      | Reached XP level 3. HP: 15/18 MP: 4/4
   785 | D:1      | Found a sparkling altar of Nemelex Xobeh.
  1387 | D:2      | Reached XP level 4. HP: 20/22 MP: 5/5
  1518 | D:2      | Found a blossoming altar of Fedhas.
  1669 | D:2      | Found a shimmering altar of Xom.
  1670 | D:2      | Found a hazy altar of Hepliaklqana.
  1670 | D:2      | Noticed an unseen horror
  1671 | D:2      | Noticed an unseen horror
  1671 | D:2      | Noticed a spectral ugly thing
  2075 | D:2      | Reached skill level 6 in Crossbows
  2563 | D:3      | Found an ancient bone altar of Kikubaaqudgha.
  2563 | D:3      | Found a snail-covered altar of Cheibriados.
  2651 | D:3      | Found a sacrificial altar of Ru.
  2993 | D:3      | Noticed Sigmund
  3021 | D:3      | Killed from afar by Sigmund

Vault maps used:
D:1:      lemuel_arrival_hallway, nemelex_diamond_rough_becter
D:2:      regret_index_temple_of_mockery, fedhas_altar_3
D:3:      gammafunk_temple_overflow_wave, lemuel_crystal_altar, uniq_sigmund

Skill      XL: |  1  2  3  4 |
---------------+-------------+-----
Crossbows      | 5 6 |  6.3
Fighting       | |  1.5
Dodging        | |  3.0
Stealth        | |  1.5

Action                   |  1- 3 |  4- 6 || total
-------------------------+-------+-------++-------
 Fire: Hand crossbow     |    40 |    22 ||    62
       Hunting sling     |    56 |   123 ||   179
Throw: Stone             |       |    10 ||    10
  Use: Potion            |     1 |       ||     1
Armor: Robe              |     6 |     4 ||    10
Dodge: Dodged            |    27 |    60 ||    87

Table legend:
 A = Spawn XP
 B = Non-spawn XP
 C = Spawn XP percentage of total XP
 D = Spawn monster count
 E = Non-spawn monster count
 F = Spawn count percentage of total count
 G = Total turns spent on level
                    A         B        C        D         E        F      G
               +---------+---------+-------+---------+---------+-------+---------
         Total |       0 |     184 |   0.0 |       0 |      75 |   0.0 |  3021
               +---------+---------+-------+---------+---------+-------+---------
           D:1 |       0 |      47 |   0.0 |       0 |      23 |   0.0 |  1139
           D:2 |       0 |     117 |   0.0 |       0 |      38 |   0.0 |  1552
           D:3 |       0 |      20 |   0.0 |       0 |      14 |   0.0 |   330
               +---------+---------+-------+---------+---------+-------+---------
